 Dungeon Crawl Stone Soup version 0.25.1-11-g244df3a29b (webtiles) character file.

Game seed: 1478228553554302411

60332 tkbsonic5 the Fighter (level 15, -5/122 HPs)
             Began as a Human Berserker on May 13, 2023.
             Was a High Priest of Trog.
             Killed from afar by an ice dragon (28 damage)
             ... with a blast of cold
             ... on level 15 of the Dungeon on June 25, 2023.
             The game lasted 01:43:45 (23885 turns).

tkbsonic5 the Fighter (Human Berserker)            Turns: 23885, Time: 01:43:45

Health: -5/122     AC: 23    Str: 20    XL:     15   Next: 37%
Magic:  0/23       EV:  8    Int: 16    God:    Trog [*****.]
Gold:   2092       SH: 10    Dex: 18    Spells: 14/14 levels left

rFire    . . .     SeeInvis .   i - +7 trident of the Gloaming {freeze, MR+ Str-3 Int+3, (8, 16+) Abysswalker's Polar Trident}
rCold    . . .     Gourm    .   J - +0 kite shield
rNeg     . . .     Faith    .   j - +4 plate armour {tanky shanker (14)}
rPois    .         Spirit   +   p - +1 helmet {hair pins}
rElec    .         Reflect  .   l - scarf {+Inv} {Abysswalker's Scarf}
rCorr    .         Harm     .   o - +0 pair of gloves
MR       +++..                  B - +0 pair of boots {stranger's hells, chaos implied}
Stlth    ..........             D - amulet of guardian spirit
HPRegen  0.30/turn              g - ring of protection from magic
MPRegen  0.18/turn              b - ring of Waycif {Int+4 Dex+6 Slay+3, power girl ring}

@: brilliant, berserk cooldown, stab, very slightly contaminated, slowed,
invisible, very slow
A: no striking features
a: Berserk, Trog's Hand, Brothers in Arms, Renounce Religion


You were on level 15 of the Dungeon.
You worshipped Trog.
Trog was extremely pleased with you.
You were not hungry.

You visited 2 branches of the dungeon, and saw 20 of its levels.
You visited the Abyss 1 time.

You collected 2490 gold pieces.
You spent 398 gold pieces at shops.

Inventory:

Hand Weapons
 f - a +5 scimitar of flaming {(4,15)}
 i - the +7 trident of the Gloaming (weapon) {freeze, MR+ Str-3 Int+3, (8, 16+) Abysswalker's Polar Trident}
   (You took it off a spriggan rider on level 4 of the Lair of Beasts)

   It has been specially enchanted to freeze those struck by it, causing extra
   injury to most foes and up to half again as much damage against particularly
   susceptible opponents.
   It can also slow down cold-blooded creatures.
   It affects your strength (-3).
   It affects your intelligence (+3).
   It affects your resistance to hostile enchantments.
 F - the +6 hand crossbow "Barazel" {vorpal, rF+ MR+, (11,18+) DeepEnd Phoenix Handcanon}
   (You bought it in a shop on level 14 of the Dungeon)

   Any bolt fired from it inflicts extra damage.
   It protects you from fire.
   It affects your resistance to hostile enchantments.
Missiles
 H - 163 bolts
 O - 3 poisoned darts (quivered)
Armour
 h - a +1 ring mail of fire resistance
 j - a +4 plate armour (worn) {tanky shanker (14)}
 l - a scarf of invisibility (worn) {Abysswalker's Scarf}
 o - a +0 pair of gloves (worn)
 p - a +1 helmet (worn) {hair pins}
 u - the +1 chain mail "Tiss" {MP-9 Int+4 Slay+2, ADVENTURE CAPITAL ARMOR (9)}
   (You bought it in a shop on level 11 of the Dungeon)

   It affects your intelligence (+4).
   It affects your accuracy and damage with ranged weapons and melee attacks
   (+2).
   It affects your magic capacity (-9).
 B - a +0 pair of boots (worn) {stranger's hells, chaos implied}
 I - a scarf of resistance
 J - a +0 kite shield (worn)
 P - a cursed +0 ring mail
Jewellery
 a - a +6 ring of strength {power girl nipple piercing}
 b - the ring of Waycif (right hand) {Int+4 Dex+6 Slay+3, power girl ring}
   (You found it on level 9 of the Dungeon)

   [ring of dexterity]

   It affects your intelligence (+4).
   It affects your dexterity (+6).
   It affects your accuracy and damage with ranged weapons and melee attacks
   (+3).
 d - an uncursed ring of fire
 g - a ring of protection from magic (left hand)
 n - an uncursed ring of fire
 v - an uncursed amulet of faith {infinite bliss}
 w - an uncursed ring of positive energy
 y - a cursed ring of attention {unknown}
 C - an uncursed ring of protection from fire
 D - an amulet of guardian spirit (around neck)
 G - an uncursed ring of protection from fire
 M - an uncursed ring of protection from magic
 R - an uncursed ring of flight
Wands
 z - a wand of digging (9)
Scrolls
 k - 8 scrolls of teleportation
 r - 4 scrolls of identify
 K - 3 scrolls of remove curse
Potions
 e - 2 potions of cancellation
 q - 5 potions of lignification
 t - 6 potions of curing
Comestibles
 c - 18 rations


   Skills:
 + Level 12.5 Fighting
   Level 11.5 Short Blades
   Level 4.4(7.0) Axes
 * Level 8.5(9.0) Polearms
 + Level 3.8 Crossbows
 - Level 5.1 Throwing
 * Level 9.0 Armour
 - Level 7.4 Dodging
 - Level 0.1 Stealth
 - Level 5.1 Shields
 - Level 10.9 Evocations


You had 14 spell levels left.
You didn't know any spells.
Your spell library was empty.

Dungeon Overview and Level Annotations

Branches:
Dungeon (15/15)            Temple (0/1) D:7            Lair (5/6) D:8
  Swamp (0/4) Lair:2        Snake (0/4) Lair:4          Orc (0/2) D:9
 Vaults (0/5) D:14
  Slime: Lair:5-6    Depths: D:15

Altars:
Ashenzari
Elyvilon
Kikubaaqudgha
Nemelex Xobeh
Sif Muna
Trog
Wu Jian
Yredelemnul

Shops:
D:5 *   D:11 [   D:14 (

Annotations:
D:8 exclusion: ice statue
Lair:2 1 runed translucent door, Vepaix's ghost, journeyman GrFi
Abyss:1 Dowan, Maurice


Message History

The ice dragon is severely wounded.
The ice dragon breathes frost at you. The blast of cold hits you!!!
* * * LOW HITPOINT WARNING * * *
The ice dragon bites you but does no damage.
The ice dragon claws you!
* * * LOW HITPOINT WARNING * * *
The ice dragon tramples you.
* * * LOW HITPOINT WARNING * * *
You stumble backwards!
Okay, then.
Evoke which item? (* to show all) (? for menu, Esc to quit)
Okay, then.
Okay, then.
Okay, then.
It was a potion of brilliance.
You feel clever all of a sudden. The ice dragon breathes frost at you.
The blast of cold hits you!!
You die...

#.#[.### #..........# #.#..#
######.....# #'#..# ...###.....#
.....# #...######## .....###
##.8..## .......########..[...#
.......##.....##)..#####
..............##D......#
.....##........#@......###
.....##........(..........
........##.....#...#.....#
....##.###........##.....#
..........###.....##.....#
..........# #.....##.....# # #
..........###.######.....######.#
###.........#.# #............#
#........##.# #.....#.......


You could see an ice dragon (catching breath).

Vanquished Creatures
  Jorgrun (D:15)
  An ironheart preserver (D:14)
  Nessos (D:15)
  An ogre mage (D:15)
  Josephine (D:14)
  A fire dragon (D:15)
  5 hydras
  3 centaur warriors
  7 two-headed ogres
  2 tengu warriors
  5 unseen horrors
  An orc knight (D:14)
  Pikel (D:6)
  2 deep elf magi
  2 ugly things (D:11)
  3 cyclopes
  A manticore (D:14)
  2 elephants (Lair:3)
  3 black mambas
  A torpor snail (Lair:1)
  2 centaur zombies
  3 spiny frogs
  2 centaur skeletons
  3 komodo dragons
  3 rime drakes
  A kobold demonologist (D:12)
  An efreet (D:13)
  A meliai (shapeshifter) (D:14)
  3 trolls
  3 meliai (D:13)
  2 polar bears
  9 slime creatures
  3 hornets
  2 blink frogs (Lair:5)
  6 hippogriffs
  A meliai zombie (D:11)
  2 centaur simulacra (D:14)
  2 shadows (D:14)
  4 wraiths (D:14)
  3 wyverns
  A vampire (D:13)
  2 spriggans (Lair:4)
  5 vampire mosquitoes
  23 yaks
  Menkaure (D:7)
  2 soldier ants
  An acid dragon (D:15)
  3 water moccasins
  Duvessa (D:4)
  8 porcupines
  15 orc warriors
  4 ice beasts
  A swamp drake (D:9)
  2 phantoms
  An eye of draining (D:14)
  4 black bears
  A slave (D:6)
  3 sky beasts
  A wolf (Lair:4)
  3 boggarts
  16 ogres
  15 centaurs
  11 crocodiles
  13 bullfrogs
  A wyvern zombie (D:11)
  A wyvern skeleton (D:6)
  2 scorpions
  A water moccasin zombie (D:11)
  A hornet simulacrum (D:13)
  6 killer bees (D:10)
  19 wights
  6 howler monkeys
  11 crimson imps
  3 bullfrog zombies
  7 jellies
  8 hounds
  9 orc priests
  10 orc wizards
  3 gnoll shamans (D:7)
  Jessica (D:2)
  4 bullfrog skeletons
  7 iguanas
  16 worker ants
  A hound zombie (D:11)
  2 hound skeletons
  Robin (D:2)
  12 gnolls
  11 adders
  8 shadow imps
  7 oozes
  An adder zombie (D:6)
  2 worms (D:2)
  2 dart slugs
  10 leopard geckos
  94 orcs
  20 giant cockroaches
  16 hobgoblins
  13 jackals
  15 kobolds
  6 quokkas
  4 bats
  2 frilled lizards
  A giant cockroach zombie (D:5)
  11 goblins
  10 rats
  A spectral orc (D:4)
603 creatures vanquished.

Vanquished Creatures (collateral kills)
  A wolf spider zombie (D:14)
  2 boggarts (D:15)
  2 orc priests (D:15)
  An orc wizard (D:11)
6 creatures vanquished.

Vanquished Creatures (others)
  The ghost of Tunlugh the Earth Mage, an adept GrEE of Vehumet (Lair:4)
  A hydra (Lair:4)
  An ugly thing (D:11)
  An elephant (Lair:3)
  A komodo dragon (D:8)
  A blink frog (Lair:5)
  A hippogriff (Lair:2)
  2 slaves (D:6)
  5 yaks
  A hungry ghost (D:11)
  A water moccasin (Lair:4)
  An ice beast (D:6)
  An orc warrior (D:6)
  A centaur (D:15)
  An ogre (D:6)
  2 big kobolds
  3 bullfrogs
  4 wights
  A crimson imp (D:9)
  2 bullfrog skeletons
  An orc priest (D:10)
  An orc wizard (D:11)
  2 worker ants
  A hound skeleton (D:9)
  3 adders
  An ooze (D:5)
  A leopard gecko (D:6)
  2 orcs
  A giant cockroach zombie (D:5)
  A kobold (D:3)
  7 fungi
  14 plants
67 creatures vanquished.

Grand Total: 676 creatures vanquished

Notes
Turn   | Place    | Note
-------+----------+-------------------------------------------
     0 | D:1      | tkbsonic5 the Human Berserker began the quest for the Orb.
     0 | D:1      | Reached XP level 1. HP: 18/18 MP: 1/1
   126 | D:1      | Reached XP level 2. HP: 4/24 MP: 2/2
   605 | D:1      | Reached XP level 3. HP: 25/29 MP: 3/3
  1082 | D:2      | Reached ** piety under Trog
  1185 | D:2      | Noticed Robin
  1194 | D:2      | Reached XP level 4. HP: 35/35 MP: 4/4
  1209 | D:2      | Killed Robin
  1272 | D:2      | Noticed Jessica
  1277 | D:2      | Killed Jessica
  1458 | D:2      | Reached skill level 1 in Short Blades
  1460 | D:2      | Reached XP level 5. HP: 37/41 MP: 5/5
  1626 | D:2      | Found a white marble altar of Elyvilon.
  1672 | D:2      | Reached *** piety under Trog
  1897 | D:2      | Found an ornate altar of the Wu Jian Council.
  1915 | D:2      | Reached skill level 4 in Fighting
  2183 | D:3      | Reached XP level 6. HP: 48/48 MP: 6/6
  2402 | D:3      | Reached skill level 1 in Throwing
  2704 | D:4      | Noticed a phantom
  2704 | D:4      | Noticed a two-headed ogre
  2708 | D:4      | Killed a two-headed ogre
  2708 | D:4      | Reached skill level 5 in Fighting
  2708 | D:4      | Reached XP level 7. HP: 57/57 MP: 7/7
  2708 | D:4      | Reached XP level 8. HP: 64/64 MP: 8/8
  2972 | D:4      | Reached skill level 6 in Fighting
  3016 | D:4      | Reached skill level 5 in Short Blades
  3139 | D:4      | Reached **** piety under Trog
  3243 | D:4      | Noticed Duvessa
  3244 | D:4      | Noticed Dowan
  3247 | D:4      | Killed Duvessa
  3247 | D:4      | Reached skill level 1 in Evocations
  3254 | D:4      | Banished Dowan
  3254 | D:4      | Reached XP level 9. HP: 71/71 MP: 8/10
  3477 | D:4      | Found a basalt altar of Yredelemnul.
  3624 | D:5      | Entered Level 5 of the Dungeon
  3647 | D:5      | Found a bloodstained altar of Trog.
  3672 | D:5      | Found a sparkling altar of Nemelex Xobeh.
  3730 | D:5      | Found Pujul's Assorted Antiques.
  3733 | D:5      | Bought a scroll labeled TESYIM GIXUE for 22 gold pieces
  3893 | D:5      | Reached skill level 7 in Fighting
  4348 | D:5      | Found a shimmering blue altar of Sif Muna.
  4417 | D:6      | Noticed Pikel
  4428 | D:6      | Killed Pikel
  4830 | D:6      | Reached skill level 8 in Fighting
  4830 | D:6      | Reached XP level 10. HP: 80/80 MP: 13/13
  5318 | D:6      | Reached skill level 5 in Evocations
  5798 | D:7      | Found a staircase to the Ecumenical Temple.
  5824 | D:7      | Noticed Menkaure
  5830 | D:7      | Killed Menkaure
  5960 | D:7      | Found an ancient bone altar of Kikubaaqudgha.
  6504 | D:8      | Noticed a komodo dragon
  6506 | D:8      | Found a staircase to the Lair.
  6510 | D:8      | Banished a komodo dragon
  6510 | D:8      | Reached skill level 9 in Fighting
  6760 | D:8      | Noticed an ice statue
  7307 | D:9      | Found a shattered altar of Ashenzari.
  7667 | D:9      | Got a steaming steel ring
  7671 | D:9      | Identified the ring of Waycif {Int+4 Dex+6 Slay+3} (You
                  | found it on level 9 of the Dungeon)
  7708 | D:9      | Found a basalt altar of Yredelemnul.
  7842 | D:9      | Reached XP level 11. HP: 49/89 MP: 12/15
  8270 | D:9      | Found a staircase to the Orcish Mines.
  8916 | D:10     | Entered Level 10 of the Dungeon
  8916 | D:10     | Noticed Maurice
  8950 | D:10     | Banished Maurice
  9489 | D:10     | Reached ***** piety under Trog
  9676 | D:10     | Identified a scroll of acquirement
  9676 | D:10     | Acquired 1250 gold pieces
  9687 | D:10     | Killed an unseen horror
  9945 | D:11     | Found a gate leading to a gauntlet.
  9945 | D:11     | Noticed a red ugly thing
  9955 | D:11     | Killed a red ugly thing
  9956 | D:11     | Reached skill level 10 in Fighting
 10142 | D:11     | Noticed a purple ugly thing
 10153 | D:11     | Banished a purple ugly thing
 10376 | D:11     | Killed an unseen horror
 10376 | D:11     | Reached skill level 5 in Throwing
 10376 | D:11     | Reached skill level 5 in Armour
 10581 | D:11     | Noticed a purple ugly thing
 10596 | D:11     | Killed a red ugly thing
 10608 | D:11     | Reached XP level 12. HP: 95/97 MP: 17/17
 10863 | D:11     | Found Ludik's Armour Shop.
 11070 | D:11     | Bought the +1 chain mail "Tiss" {MP-9 Int+4 Slay+2} for 172
                  | gold pieces
 11226 | Lair:1   | Entered Level 1 of the Lair of Beasts
 11301 | Lair:1   | Reached skill level 5 in Dodging
 11335 | Lair:1   | Received a gift from Trog
 12023 | Lair:1   | Reached skill level 10 in Short Blades
 12468 | Lair:2   | Found a staircase to the Swamp.
 12734 | Lair:2   | Noticed an eight-headed hydra
 12766 | Lair:2   | Killed an eight-headed hydra
 13444 | Lair:2   | Found a runed translucent door.
 13445 | Lair:2   | Identified the +5 trident "Puvaecaf" {vorpal, Dex+2}
 13445 | Lair:2   | Noticed a spriggan rider
 13448 | Lair:2   | Noticed Vepaix's ghost (journeyman GrFi)
 13616 | Lair:3   | Noticed a seven-headed hydra
 13620 | Lair:3   | Killed a seven-headed hydra
 13620 | Lair:3   | Reached skill level 1 in Shields
 13620 | Lair:3   | Reached XP level 13. HP: 105/105 MP: 18/20
 13807 | Lair:3   | Reached skill level 11 in Fighting
 13936 | Lair:3   | Received a gift from Trog
 14599 | Lair:4   | Found a runed translucent door.
 14603 | Lair:4   | Identified the +7 trident of the Gloaming {freeze, MR+
                  | Str-3 Int+3}
 14604 | Lair:4   | Noticed Tunlugh's ghost (adept GrEE)
 14624 | Lair:4   | Found a staircase to the Snake Pit.
 14669 | Lair:4   | Noticed a seven-headed hydra
 14674 | Lair:4   | Banished a seven-headed hydra
 15496 | Lair:4   | Reached skill level 10 in Evocations
 15503 | Lair:4   | Banished Tunlugh's ghost
 15885 | Lair:4   | Cast into level 2 of the Abyss (unwielding a weapon of
                  | distortion)
 15917 | Lair:4   | Escaped the Abyss
 16331 | D:12     | Reached skill level 1 in Polearms
 17843 | D:13     | Reached XP level 14. HP: 114/114 MP: 19/21
 18455 | D:13     | Reached skill level 12 in Fighting
 19015 | D:14     | Reached skill level 5 in Polearms
 19523 | D:14     | Found Fiteibiu's Antique Weapon Emporium.
 19536 | D:14     | Bought a warped hand crossbow for 204 gold pieces
 19536 | D:14     | Identified the +6 hand crossbow "Barazel" {vorpal, rF+ MR+}
                  | (You bought it in a shop on level 14 of the Dungeon)
 20624 | D:14     | Noticed Josephine
 20631 | D:14     | Killed Josephine
 20631 | D:14     | Reached skill level 1 in Crossbows
 21117 | D:14     | Found a gate to the Vaults.
 21117 | D:14     | Noticed an ironheart preserver
 21154 | D:14     | Killed an ironheart preserver
 22336 | D:15     | Entered Level 15 of the Dungeon
 22602 | D:15     | Reached XP level 15. HP: 104/121 MP: 17/23
 22841 | D:15     | Noticed Jorgrun
 22858 | D:15     | Killed Jorgrun
 22950 | D:15     | Reached skill level 5 in Shields
 23862 | D:15     | Noticed Nessos
 23870 | D:15     | Killed Nessos
 23885 | D:15     | Killed from afar by an ice dragon

Illustrated notes

Levels and vault maps discovered:
D:1:      lightli_molten_gateway, layout_basic, minivault_27,
          minmay_statues_item
D:2:      minmay_roachtagon, layout_rooms, lemuel_crystal_altar,
          nicolae_overflow_crystal_walls, uniq_robin, uniq_jessica
D:3:      layout_rooms
D:4:      layout_cave_pools, yredelemnul_forgotten_temple_becter, first_ration,
          minmay_crystal_room, uniq_duvessa
D:5:      layout_loops_ring, nemelex_xobeh_ov_fountains_minmay, tgw_sif,
          bloody_trog, serial_shops, kennysheep_mini_moat
D:6:      layout_loops_ring, minmay_fractal_squares_gapless_5, uniq_pikel
D:7:      layout_cave_pools, kiku_gazebo_garden_becter,
          minmay_temple_entry_ruins, serial_glass, glass_columns_c,
          glass_columns_b, uniq_menkaure
D:8:      lemuel_ice_statue, layout_loops_cross, david_lair_shrubbed
D:9:      minmay_recursive_quarters, layout_basic, ashenzari_altar_1,
          erik_orc_1, basic_altar
D:10:     layout_roguey [special_room_orc], uniq_maurice
D:11:     layout_rooms, gauntlet_entry_generic, serial_shops,
          nicolae_shop_trees, hangedman_little_slice_of_home
D:12:     layout_basic
D:13:     layout_rooms
D:14:     cheibrodos_orc_bank, layout_gridville,
          skrybe_vaults_entry_preservation, serial_park_square1
          [serial_park_minivault_5x5_5], serial_shops,
          nicolae_shop_window_shopping, portal_ice_cave_rime, uniq_josephine
D:15:     grunt_enter_depths_hoard, layout_basic, minivault_11, uniq_nessos,
          uniq_jorgrun
Lair:1:   layout_hall_layers
Lair:2:   layout_loops_ring, swamp_mist, ebering_ghost_funeral_grove,
          st_stairs_10, beast_lair_carwin_2, serial_bayou_shore_b,
          infiniplex_staircase_pool
Lair:3:   layout_big_grid, chequers_serial_rivers_large_a,
          chequers_serial_rivers_micro_b
Lair:4:   layout_roguey, dummy_snake_entry, ebering_ghost_funeral_grove
Lair:5:   layout_gridlike, minmay_lair_drake_nest, serial_bayou_shore_a

Skill      XL: |  1  2  3  4  5  6  7  8  9 10 11 12 13 14 15 |
---------------+----------------------------------------------+-----
Axes           | 4 |  4.4
Short Blades   | 1 2 4 5 7 8 9 10 11 | 11.5
Fighting       | 4 5 6 8 9 10 11 12 | 12.5
Throwing       | 4 5 |  5.1
Evocations     | 1 4 6 7 9 10 | 10.9
Armour         | 3 5 6 7 8 9 |  9.0
Dodging        | 3 4 5 6 7 |  7.4
Shields        | 1 3 4 5 |  5.1
Polearms       | 2 7 8 |  8.5
Crossbows      | 2 3 |  3.8
Stealth        | |  0.1

Action                   |  1- 3 |  4- 6 |  7- 9 | 10-12 | 13-15 || total
-------------------------+-------+-------+-------+-------+-------++-------
Melee: Hand axe          |   110 |    17 |       |       |       ||   127
       Short sword       |       |   113 |   118 |   577 |   127 ||   935
       Trident           |       |       |       |       |   653 ||   653
       Scimitar          |       |       |       |       |     2 ||     2
 Fire: Hand crossbow     |       |       |       |       |    16 ||    16
Throw: Throwing net      |       |     2 |       |       |       ||     2
       Dart              |       |       |       |    46 |    71 ||   117
Invok: Berserk           |     3 |     4 |     3 |     6 |    14 ||    30
       Trog's Hand       |       |     2 |     3 |     8 |     4 ||    17
       Brothers in Arms  |       |       |       |     1 |     4 ||     5
 Abil: Evoke Invisibilit |       |       |       |    10 |    13 ||    23
Evoke: Wand              |       |       |    29 |    29 |    19 ||    77
  Use: Scroll            |     6 |     3 |     8 |    15 |    11 ||    43
       Potion            |       |       |     2 |     1 |    12 ||    15
 Stab: Invisible         |       |       |       |    24 |    19 ||    43
       Sleeping          |       |       |       |    13 |     8 ||    21
       Paralysed         |       |       |       |     3 |     1 ||     4
       Distracted        |       |       |       |       |     2 ||     2
  Eat: Chunk             |     3 |     6 |     7 |    18 |     9 ||    43
       Ration            |       |     1 |     2 |     7 |    12 ||    22
Armor: Animal skin       |     9 |       |       |       |       ||     9
       Plate armour      |    50 |    77 |    55 |   237 |   412 ||   831
Dodge: Dodged            |    44 |    26 |    34 |   188 |   218 ||   510
Block: Kite shield       |       |       |       |    20 |   329 ||   349
